 Dungeon Crawl Stone Soup version 0.22-a0-346-ga714374 (webtiles) character file.

261 grindst0ne the Covered (level 5, -7/46 HPs)
             Began as a Deep Dwarf Fighter on Apr 6, 2018.
             Mangled by Edmund
             ... wielding a +0 dire flail of distortion
              (10 damage)
             ... on level 4 of the Dungeon.
             The game lasted 00:05:05 (2403 turns).

grindst0ne the Covered (Deep Dwarf Fighter)         Turns: 2403, Time: 00:05:06

Health: -7/46      AC:  8    Str: 20    XL:     5   Next: 96%
Magic:  4/4        EV:  7    Int:  9    God:
Gold:   102        SH: 10    Dex: 12    Spells: 4/4 levels left

rFire    . . .     SeeInvis .   s - +2 dagger (venom)
rCold    . . .     Gourm    +   c - +0 shield
rNeg     . . .     Faith    .   b - +0 scale mail
rPois    .         Spirit   .   (no helmet)
rElec    .         Reflect  .   r - +0 cloak
rCorr    +         Harm     .   (no gloves)
MR       .....                  (no boots)
Stlth    ..........             n - amulet of the gourmand
HPRegen  0.00/turn              l - ring of resist corrosion
MPRegen  0.09/turn              (no ring)

@: lethally poisoned (-7 -> -7), non-regenerating
A: damage resistance, heal wounds, sense surroundings 1, no regeneration
a: Heal Wounds


You were on level 4 of the Dungeon.
You were very full.

You visited 1 branch of the dungeon, and saw 4 of its levels.

You collected 102 gold pieces.

Inventory:

Hand Weapons
 a - a +0 war axe
 s - a +2 dagger of venom (weapon)
Armour
 b - a +0 scale mail (worn)
 c - a +0 shield (worn)
 r - a +0 cloak (worn)
Jewellery
 l - a ring of resist corrosion (left hand)
 n - an amulet of the gourmand (around neck)
 u - an uncursed ring of wizardry {unknown}
Wands
 p - a wand of random effects (23)
Scrolls
 e - a scroll of remove curse {unknown}
 g - a scroll of random uselessness {unknown}
 h - a scroll of enchant weapon {unknown}
 i - 6 scrolls of identify {unknown}
 k - 2 scrolls of amnesia {unknown}
 q - a scroll of teleportation {unknown}
 t - a scroll of magic mapping {unknown}
Potions
 d - 2 potions of might
 j - a potion of curing
 m - 4 potions of haste {unknown}
 o - a potion of flight {unknown}
Comestibles
 f - 7 rations


   Skills:
 - Level 2.6 Fighting
 - Level 2.1 Axes
 + Level 5.7 Armour
 + Level 5.7 Shields


You had 4 spell levels left.
You didn't know any spells.

Dungeon Overview and Level Annotations

Branches:
Dungeon (4/15)
 Temple: D:4-7

Altars:
Cheibriados
Qazlal
Ru
Xom
Zin

Shops:
D:4 %

Annotations:
D:4 Edmund


Innate Abilities, Weirdness & Mutations

You are resistant to damage.
You can heal yourself by infusing magical energy.
You passively map a small area around you.
You do not regenerate.


Message History

The adder bites you but does no damage. You block the adder's attack.
You barely miss the adder.
The adder is heavily wounded.
You block the adder's attack.
You hit the adder.
The adder is heavily wounded.
You block the adder's attack. The adder bites you.
You are poisoned.
The adder poisons you!
You hit the adder.
The adder is poisoned.
The adder is severely wounded.
You block the adder's attack.
You hit the adder.
You kill the adder!
You barely miss Edmund.
Edmund is lightly wounded.
Edmund hits you with a dire flail of distortion!
* * * LOW HITPOINT WARNING * * *
Space warps horribly around you!
You die...

, ..# * ... , >* #.#
#. #.####.# #.#
#......###.##
*#......## #.......#
#@###...#
#@#.....##########
#.#.#............. *
#####.......#########.
......)......# #. *
######.##...## #. ,
*### #......# #. *
,..# #####.## #. * #.#
#.# #. * #.# ##'## #.


You could see Edmund.

Vanquished Creatures
  A scorpion (D:4)
  Crazy Yiuf (D:3)
  An orc wizard (D:3)
  10 adders
  A worm (D:2)
  2 dart slugs
  3 leopard geckos
  5 orcs (D:3)
  3 goblins
  8 hobgoblins
  A ball python (D:1)
  6 bats
  4 frilled lizards
  4 kobolds
  5 rats
  A fungus (D:3)
56 creatures vanquished.

Notes
Turn   | Place    | Note
-------+----------+-------------------------------------------
     0 | D:1      | grindst0ne the Deep Dwarf Fighter began the quest for the Orb.
     0 | D:1      | Reached XP level 1. HP: 20/20 MP: 1/1
   290 | D:1      | Reached XP level 2. HP: 24/27 MP: 2/2
   821 | D:2      | Found a faded altar of an unknown god.
   868 | D:2      | Reached XP level 3. HP: 24/33 MP: 3/3
   887 | D:2      | Found a shimmering altar of Xom.
  1430 | D:3      | Reached XP level 4. HP: 17/40 MP: 4/4
  1600 | D:3      | Found a snail-covered altar of Cheibriados.
  1631 | D:3      | Found a stormy altar of Qazlal.
  1652 | D:3      | Found a glowing silver altar of Zin.
  1654 | D:3      | Found a sacrificial altar of Ru.
  1702 | D:3      | Reached skill level 5 in Armour
  1702 | D:3      | Reached skill level 5 in Shields
  1730 | D:3      | Reached XP level 5. HP: 5/46 MP: 5/5
  2137 | D:3      | Found a runed door.
  2141 | D:3      | Noticed Crazy Yiuf
  2160 | D:3      | Killed Crazy Yiuf
  2269 | D:4      | Found Cyushra's Food Emporium.
  2383 | D:4      | Noticed Edmund
  2403 | D:4      | Mangled by Edmund

Vault maps used:
D:1:      evilmike_arrival_hilbert_curve
D:2:      xom_teletrap_fun, chequers_ecumenical_altar_twisty
D:3:      kennysheep_slug_shrine, overflow_temple_1_default,
          grunt_temple_overflow_open, hangedman_decor_push,
          uniq_crazy_yiuf_cottage
D:4:      lemuel_coloured_pillars_altar, kennysheep_little_box,
          kennysheep_mini_moat, serial_shops, shop, okawaru_ov_weapons_minmay,
          uniq_robin, uniq_blork_the_orc, uniq_edmund

Skill      XL: |  1  2  3  4 |
---------------+-------------+-----
Armour         | 4 5 |  5.7
Shields        | 4 5 |  5.7
Fighting       | |  2.6
Axes           | |  2.1

Action                   |  1- 3 |  4- 6 || total
-------------------------+-------+-------++-------
Melee: War axe           |   110 |    25 ||   135
       Dagger            |       |    77 ||    77
 Abil: Heal Wounds       |       |     1 ||     1
Evoke: Wand              |       |     8 ||     8
  Eat: Chunk             |     8 |     9 ||    17
Armor: Scale mail        |    53 |    30 ||    83
Dodge: Dodged            |    31 |    24 ||    55
Block: Shield            |    64 |    48 ||   112

Table legend:
 A = Spawn XP
 B = Non-spawn XP
 C = Spawn XP percentage of total XP
 D = Spawn monster count
 E = Non-spawn monster count
 F = Spawn count percentage of total count
 G = Total turns spent on level
                    A         B        C        D         E        F      G
               +---------+---------+-------+---------+---------+-------+---------
         Total |       0 |     373 |   0.0 |       0 |      55 |   0.0 |  2403
               +---------+---------+-------+---------+---------+-------+---------
           D:1 |       0 |      16 |   0.0 |       0 |      10 |   0.0 |   679
           D:2 |       0 |      65 |   0.0 |       0 |      17 |   0.0 |   677
           D:3 |       0 |     191 |   0.0 |       0 |      25 |   0.0 |   872
           D:4 |       0 |     101 |   0.0 |       0 |       3 |   0.0 |   175
               +---------+---------+-------+---------+---------+-------+---------
